[Event "Team 45 45 League T84"]
[Site "Internet Chess Club"]
[Date "2020.04.01"]
[Round "1"]
[White "rubo"]
[Black "cap78red"]
[Result "1-0"]
[WhiteElo "1538"]
[BlackElo "1463"]
[Opening "Queen's pawn: London system"]
[ECO "A45"]
[Time "17:00:49"]
[TimeControl "2700+45"]

1. d4 Nf6 2. Bf4 c6 3. c3 Nh5 4. Bg3 g6 5. e4 d5 6. e5 f5 7. Be2 f4 8. Bxh5 fxg3
9. hxg3 gxh5 10. Qxh5+ Kd7 11. e6+ Kc7 12. Qe5+ Qd6 13. Qxh8 Qxe6+ 14. Qe5+
Qxe5+ 15. dxe5 Bf5 16. Nd2 Nd7 17. f4 Nc5 18. Ke2 e6 19. Ngf3 Nd3 20. b3 Bc5 21.
Nd4 Bxd4 22. cxd4 Nb4 23. Nf3 Rg8 24. Ng5 Nc2 25. Rad1 Bg4+ 26. Nf3 Bf5 27. Kf2
Nb4 28. Rd2 Nd3+ 29. Ke3 Nb4 30. Ng5 Kb6 31. Kf3 Rg6 32. g4 Be4+ 33. Nxe4 dxe4+
34. Kxe4 Rxg4 35. Rxh7 Nd5 36. Rf7 Rg3 37. Rd3 Nc3+ 38. Rxc3 Rxc3 39. g4 c5 40.
dxc5+ Rxc5 41. f5 exf5+ 42. gxf5 Rc2 43. e6 Rxa2 44. e7 Ra1 45. Rf6+ Kc7 46. Re6
Re1+ 47. Kf4 Rf1+ 48. Kg5 Rg1+ 49. Kf6 Rg8 50. Kf7 Rh8 51. e8=Q Rxe8 52. Kxe8 b5
53. f6 b4 54. f7 a6 55. f8=Q a5 56. Qe7+ Kc8 57. Rd6 a4 58. Rd8# {Black
checkmated} 1-0

[Event "Team 45 45 League T84"]
[Site "Internet Chess Club"]
[Date "2020.04.05"]
[Round "1"]
[White "dafv2020"]
[Black "MartyJR"]
[Result "0-1"]
[WhiteElo "1032"]
[BlackElo "1404"]
[Opening "Sicilian defense"]
[ECO "B30"]
[Time "14:00:30"]
[TimeControl "2700+45"]

1. e4 c5 2. Nf3 Nc6 3. c3 d5 4. d3 dxe4 5. dxe4 Qxd1+ 6. Kxd1 Nf6 7. Bd3 e5 8.
c4 Nb4 9. Nxe5 Nxd3 10. Nxd3 Nxe4 11. f3 Nf6 12. Bf4 Be6 13. Re1 O-O-O 14. b3
Rxd3+ 15. Bd2 g6 16. Ke2 Rd8 17. Na3 Bg7 18. Rac1 Rhe8 19. Nb5 Bxc4+ 20. Kf2
Rxd2+ 21. Kg1 Rxe1+ 22. Rxe1 Bxb5 23. a4 Bc6 24. Rf1 Nd5 25. Rc1 Bd4+ 26. Kf1
Rb2 27. Re1 Ne3+ 28. Kg1 Rxg2+ 29. Kh1 Bxf3 30. b4 Rg5# {White checkmated} 0-1

[Event "Team 45 45 League T84"]
[Site "Internet Chess Club"]
[Date "2020.04.02"]
[Round "1"]
[White "Bumun"]
[Black "LuFran"]
[Result "1/2-1/2"]
[WhiteElo "1624"]
[BlackElo "1687"]
[Opening "French: classical, Steinitz variation"]
[ECO "C14"]
[Time "16:00:30"]
[TimeControl "2700+45"]

1. e4 e6 2. d4 d5 3. Nc3 Nf6 4. Bg5 Be7 5. e5 Nfd7 6. Bxe7 Qxe7 7. f4 O-O 8. Nf3
c5 9. dxc5 Qxc5 10. Qd4 Nc6 11. Qxc5 Nxc5 12. O-O-O a6 13. a3 h6 14. Bd3 b5 15.
b4 Nxd3+ 16. Rxd3 Bb7 17. Ne2 Rac8 18. Kb2 a5 19. c3 a4 20. Ned4 Ne7 21. Nxb5
Ba6 22. c4 Rxc4 23. Nd6 Rxb4+ 24. axb4 Bxd3 25. Ra1 Ra8 26. Nd4 Nc8 27. b5 Nb6
28. Kc3 Be4 29. g3 Kf8 30. Kb4 Ra7 31. Ra3 Rc7 32. Ka5 Nc4+ 33. Nxc4 dxc4 34.
Kb4 Bd5 35. Ne2 {Game drawn by mutual agreement} 1/2-1/2

[Event "Team 45 45 League T84"]
[Site "Internet Chess Club"]
[Date "2020.04.02"]
[Round "1"]
[White "VictorRed"]
[Black "liujf"]
[Result "0-1"]
[WhiteElo "1582"]
[BlackElo "1601"]
[Opening "Queen's pawn game"]
[ECO "A45"]
[Time "19:05:50"]
[TimeControl "2700+45"]

1. d4 Nf6 2. g3 e6 3. Bg2 d5 4. Bg5 Be7 5. Nc3 c5 6. Nf3 Nc6 7. O-O b6 8. Re1
O-O 9. Bf4 Bd6 10. Bg5 h6 11. Bd2 cxd4 12. Nb5 Bc5 13. Bf4 Nh5 14. Nfxd4 Nxd4
15. Nxd4 Nxf4 16. gxf4 Qf6 17. e3 Bb7 18. c3 Ba6 19. Nf3 Bd6 20. Kh1 Qf5 21. Nd4
Qh7 22. Rg1 Bc5 23. Qg4 Bxd4 24. cxd4 Bd3 25. Rad1 Bf5 26. Qg3 Rac8 27. Rd2 Rc7
28. f3 Rfc8 29. Bf1 Rc2 30. Rgg2 Rc1 31. Rg1 Ra1 32. Ba6 Rcc1 33. Rxc1 Rxc1+ 34.
Kg2 h5 35. h4 Rc6 36. Qg5 f6 37. Qg3 Kh8 38. Kh2 Qg8 39. Rg2 Qf7 40. Bb5 Rc7 41.
Re2 Qe7 42. Rd2 Qb4 {White resigns} 0-1

[Event "Team 45 45 League T84"]
[Site "Internet Chess Club"]
[Date "2020.04.04"]
[Round "1"]
[White "chessnutdale"]
[Black "kabindra"]
[Result "0-1"]
[WhiteElo "1436"]
[BlackElo "1617"]
[Opening "English: three knights system"]
[ECO "A27"]
[Time "11:01:11"]
[TimeControl "2700+45"]

1. c4 e5 2. Nc3 Nc6 3. Nf3 Bc5 4. a4 f5 5. e3 e4 6. Ng1 Nf6 7. d4 exd3 8. Bxd3
d6 9. Nf3 O-O 10. O-O Qe8 11. Nb5 Bb6 12. Bd2 a5 13. Re1 Qh5 14. Qc2 f4 15. Nfd4
Ne5 16. Be2 Bg4 17. f3 Bd7 18. exf4 Nc6 19. f5 Nxd4 20. Nxd4 Bxd4+ 21. Kh1 Bf2
22. g4 Qh4 23. Bf4 Bxe1 24. c5 Nxg4 25. Bc4+ Kh8 26. Qg2 Nf2+ 27. Kg1 Nh3+ 28.
Kh1 Nxf4 29. Qf1 Bf2 30. Rd1 Bc6 31. Be2 Bg3 32. h3 Nxh3 33. Kg2 Nf2 34. Qg1
Nxd1 35. Bxd1 Rxf5 36. Qh1 Qf4 37. Qf1 Rh5 38. Kg1 Bh2+ {White resigns} 0-1

[Event "Team 45 45 League T84"]
[Site "Internet Chess Club"]
[Date "2020.04.02"]
[Round "1"]
[White "Toalla"]
[Black "Pawnchain"]
[Result "0-1"]
[WhiteElo "1194"]
[BlackElo "1444"]
[Opening "Queen's pawn game, Chigorin variation"]
[ECO "D02"]
[Time "13:00:58"]
[TimeControl "2700+45"]

1. Nf3 d5 2. d4 Nc6 3. g3 Bg4 4. Bg2 e6 5. h3 Bh5 6. g4 Bg6 7. O-O Bd6 8. Bg5
Qd7 9. Nh4 f6 10. Nxg6 hxg6 11. Bd2 Nxd4 12. e3 Nc6 13. Nc3 a6 14. f4 f5 15. g5
Nge7 16. a3 Na5 17. b4 Nc4 18. Ra2 Nxd2 19. Qxd2 c6 20. Ne2 c5 21. c3 cxb4 22.
cxb4 Bc7 23. Nd4 Bb6 24. Rc2 O-O 25. Rfc1 Rac8 26. Rc3 Rxc3 27. Rxc3 Rc8 28. Qc2
Rxc3 29. Qxc3 Nc6 30. Kf1 Nxd4 31. exd4 Qc6 32. Qxc6 bxc6 33. Ke2 Bxd4 34. Kd3
Bb2 35. a4 Kf7 36. b5 cxb5 37. axb5 axb5 38. Bf1 Bc1 39. h4 b4 40. Kc2 Bxf4 41.
Kb3 Bg3 42. Kxb4 Bxh4 {White resigns} 0-1

[Event "Team 45 45 League T84"]
[Site "Internet Chess Club"]
[Date "2020.04.03"]
[Round "1"]
[White "PJ"]
[Black "Insan996"]
[Result "0-1"]
[WhiteElo "1584"]
[BlackElo "1660"]
[Opening "Nimzo-Indian: Sämisch variation"]
[ECO "E29"]
[Time "12:16:55"]
[TimeControl "2700+45"]

1. d4 Nf6 2. c4 e6 3. Nc3 Bb4 4. a3 Bxc3+ 5. bxc3 O-O 6. e3 c5 7. Bd3 b6 8. Nf3
Bb7 9. O-O d6 10. Nd2 e5 11. d5 Qe7 12. f4 exf4 13. exf4 Qe3+ 14. Kh1 Qxd3 15.
Rf3 Qf5 16. Nf1 Qe4 17. Ne3 Bc8 18. Rf2 Ba6 19. Qe2 Re8 20. Bd2 Nxd5 21. Re1
Nxe3 22. Qh5 Qg6 23. Qh3 Bxc4 24. Qf3 Nd7 25. Rxe3 Qb1+ {White resigns} 0-1

[Event "Team 45 45 League T84"]
[Site "Internet Chess Club"]
[Date "2020.04.03"]
[Round "1"]
[White "nidusin2"]
[Black "Rybo88"]
[Result "1-0"]
[WhiteElo "1552"]
[BlackElo "1495"]
[Opening "Queen's pawn"]
[ECO "A40"]
[Time "22:33:47"]
[TimeControl "2700+45"]

1. d4 e6 2. Nc3 d5 3. Bf4 Nf6 4. e3 Bb4 5. Bd3 c5 6. a3 cxd4 7. exd4 Be7 8. Nf3
a6 9. O-O Nc6 10. b4 b5 11. Rb1 h6 12. h3 O-O 13. Re1 Bd7 14. Ne2 Rc8 15. Nc1
Qb6 16. Nb3 Rfd8 17. Nc5 Ne8 18. Ne5 Nxe5 19. Bxe5 Bf6 20. Qg4 Bxe5 21. dxe5 a5
22. Re3 axb4 23. axb4 Qc7 24. Rbe1 Ra8 25. Rf3 Ra2 26. Qh5 Bc8 27. Rg3 Kh8 28.
Ree3 Rb2 29. Ref3 f5 30. exf6 Nxf6 31. Rxf6 {Black resigns} 1-0

[Event "Team 45 45 League T84"]
[Site "Internet Chess Club"]
[Date "2020.04.03"]
[Round "1"]
[White "RD1974"]
[Black "fireball"]
[Result "1-0"]
[WhiteElo "1574"]
[BlackElo "1465"]
[Opening "QGD: 4.Bg5 Be7"]
[ECO "D53"]
[Time "18:05:38"]
[TimeControl "2700+45"]

1. d4 e6 2. c4 Nf6 3. Nc3 d5 4. Bg5 Be7 5. Nf3 a6 6. e3 Nc6 7. a3 O-O 8. Bd3
dxc4 9. Bxc4 b5 10. Ba2 Bb7 11. Rc1 Ng4 12. Bxe7 Nxe7 13. O-O Qd6 14. e4 Ng6 15.
h3 Nh6 16. Bb1 Qe7 17. d5 Rad8 18. Qb3 e5 19. Na2 Nf4 20. Qe3 f5 21. Nb4 Rc8 22.
Nc6 Bxc6 23. Rxc6 Kh8 24. Kh2 Qf7 25. Nxe5 Ng4+ 26. hxg4 Qe7 27. Qxf4 fxg4 28.
Qg3 Qg5 29. Nxg4 Rf4 30. f3 h5 31. Rh1 hxg4 32. Kg1+ Kg8 33. Rh4 Qe5 34. Rxg4
Qd4+ 35. Kh2 Rxg4 36. Qxg4 Rf8 37. Qe6+ Kh8 38. Rxc7 Qxb2 39. Qg6 Qe5+ 40. Qg3
Qb2 41. e5 g6 42. Bxg6 {Black resigns} 1-0

[Event "Team 45 45 League T84"]
[Site "Internet Chess Club"]
[Date "2020.04.03"]
[Round "1"]
[White "Kingfisher75"]
[Black "BrerRabbit"]
[Result "1-0"]
[WhiteElo "1517"]
[BlackElo "1338"]
[Opening "English: Caro-Kann defensive system"]
[ECO "A11"]
[Time "19:00:50"]
[TimeControl "2700+45"]

1. c4 c6 2. g3 d5 3. Nf3 Nf6 4. Bg2 Bf5 5. O-O h6 6. d4 e6 7. Qb3 Qc8 8. Nc3 Be7
9. cxd5 exd5 10. Bf4 O-O 11. Rac1 Be6 12. Nb5 Na6 13. Nd6 Bxd6 14. Bxd6 Re8 15.
Ne5 Ne4 16. Bb4 Nxb4 17. Qxb4 Rb8 18. Bxe4 dxe4 19. b3 Qd8 20. Rfd1 Qb6 21. Qxb6
axb6 22. e3 Ra8 23. Rd2 Rad8 24. Nc4 b5 25. Nb6 Bd5 26. Rc5 Be6 27. d5 Rd6 28.
Rcc2 Bxd5 29. Nxd5 cxd5 30. Rc5 b4 31. Rdxd5 Rxd5 32. Rxd5 Rc8 33. Rd4 f5 34.
Rxb4 Rc7 35. Kg2 Kf7 36. a4 g6 37. Rb6 h5 38. h4 Rd7 39. b4 Rc7 40. a5 Rd7 41.
b5 Rc7 42. a6 bxa6 43. bxa6 Rc2 44. a7 Ra2 45. Rb7+ Kf6 46. Kf1 Ke6 47. Ke1 Kf6
48. Kd1 Ke6 49. Kc1 Kf6 50. Kb1 Ra6 51. Kb2 Ke6 52. Kc3 Ra2 53. Kb3 Ra6 54. Kb4
Ra2 55. Kc5 Ra5+ 56. Kb6 Ra2 57. Kc7 Rxf2 58. Rb6+ Kf7 59. a8=Q Rf3 60. Qd5+ Kg7
61. Qe5+ Kf7 62. Rf6+ Kg7 63. Rxf5+ {Black resigns} 1-0

[Event "Team 45 45 League T84"]
[Site "Internet Chess Club"]
[Date "2020.04.03"]
[Round "1"]
[White "zugknightly"]
[Black "Constrictor"]
[Result "1/2-1/2"]
[WhiteElo "1692"]
[BlackElo "1570"]
[Opening "English: Caro-Kann defensive system"]
[ECO "A11"]
[Time "20:00:56"]
[TimeControl "2700+45"]

1. c4 c6 2. g3 d5 3. Bg2 Nf6 4. Nf3 Bf5 5. cxd5 cxd5 6. Qb3 Qc7 7. Nc3 e6 8. d3
Nbd7 9. Bf4 Qb6 10. Qxb6 Nxb6 11. Nb5 Bb4+ 12. Bd2 Bxd2+ 13. Nxd2 O-O 14. Nd6
Nbd7 15. Nxf5 exf5 16. O-O Rac8 17. Rac1 Rfe8 18. e4 fxe4 19. dxe4 dxe4 20. Nxe4
Rxc1 21. Nxf6+ Nxf6 22. Rxc1 b6 23. Bf3 g6 24. Rc7 Re1+ 25. Kg2 Rb1 26. b3 a5
27. Rb7 Rb2 28. Rxb6 Nd7 29. Rd6 Ne5 30. Bd5 Ng4 31. Kg1 {Game drawn by mutual
agreement} 1/2-1/2

[Event "Team 45 45 League T84"]
[Site "Internet Chess Club"]
[Date "2020.04.06"]
[Round "1"]
[White "DaveTheRook"]
[Black "scostanzo212"]
[Result "1/2-1/2"]
[WhiteElo "1544"]
[BlackElo "1590"]
[Opening "QGD Slav: Krause attack"]
[ECO "D17"]
[Time "17:01:47"]
[TimeControl "2700+45"]

1. d4 d5 2. c4 c6 3. Nf3 Nf6 4. Nc3 dxc4 5. a4 Bf5 6. Ne5 Nbd7 7. Nxc4 Nb6 8.
Ne5 a5 9. f3 Nfd7 10. Nxd7 Nxd7 11. e4 Bg6 12. Be2 e5 13. Be3 f6 14. dxe5 Nxe5
15. Qxd8+ Rxd8 16. Rd1 Rxd1+ 17. Kxd1 Bf7 18. Kc2 Bc4 19. b3 Bxe2 20. Nxe2 Bd6
21. Rd1 Bc7 22. h3 Nd7 23. f4 Ke7 24. g3 Rd8 25. Nc3 Bb6 26. Rxd7+ Rxd7 27. Bxb6
Kd6 28. Nd1 c5 29. Ne3 Kc6 30. Bxa5 Rd4 31. e5 fxe5 32. fxe5 Re4 33. Nc4 Kd5 34.
Bc3 Re2+ 35. Kd3 Rh2 36. h4 Rh3 37. Ne3+ Ke6 38. Ke4 Rxg3 39. Ba5 Rh3 40. Bd8
Rh2 41. Nc4 Re2+ 42. Ne3 Rb2 43. Bb6 Rxb3 44. Bxc5 Rb1 45. Bf8 Ra1 46. Bxg7
Rxa4+ 47. Kd3 Rxh4 48. Bf6 Rf4 49. Ng2 Rxf6 50. exf6 Kxf6 51. Ke4 Kg5 52. Kf3 b5
53. Ne3 b4 54. Nc4 b3 55. Nb2 Kf5 56. Kg3 Ke4 57. Kg4 Kd4 58. Kh5 Kc3 59. Na4+
Kb4 60. Nb2 Ka3 61. Nc4+ Kb4 62. Nb2 Kc3 63. Na4+ Kc2 64. Kh6 b2 65. Nxb2 Kxb2
66. Kxh7 {Game drawn because neither player has mating material} 1/2-1/2

[Event "Team 45 45 League T84"]
[Site "Internet Chess Club"]
[Date "2020.04.05"]
[Round "1"]
[White "Kingofknights"]
[Black "pokerram"]
[Result "1-0"]
[WhiteElo "1558"]
[BlackElo "1534"]
[Opening "King's Indian: accelerated Averbakh system"]
[ECO "E70"]
[Time "14:00:27"]
[TimeControl "2700+45"]

1. d4 Nf6 2. c4 g6 3. Nc3 Bg7 4. e4 d6 5. Bg5 h6 6. Be3 Ng4 7. Bc1 Nf6 8. Be3
Ng4 9. Bc1 Nf6 10. f3 O-O 11. Be3 e5 12. d5 Nh5 13. Qd2 Qh4+ 14. Bf2 Qf4 15. Nb5
Na6 16. Ne2 Qxd2+ 17. Kxd2 f5 18. Ng3 Nf6 19. Bd3 f4 20. Ne2 Bd7 21. Nec3 b6 22.
a3 Rfc8 23. b4 Nb8 24. a4 Bxb5 25. cxb5 a5 26. Na2 Nxd5 27. Bc4 Ra7 28. Bxd5+
Kh8 29. Rhc1 axb4 30. Nxb4 Rd8 31. a5 Rxa5 32. Rxa5 bxa5 33. Na6 c5 34. Ra1 Nd7
35. Nc7 Nb6 36. Ne6 Rc8 37. Nxg7 Kxg7 38. Rxa5 Nxd5 39. exd5 Rb8 40. Kc3 Kf6 41.
Kc4 e4 42. fxe4 Ke5 43. Ra6 Rd8 44. b6 Kxe4 45. b7 Rb8 46. Rb6 Ke5 47. Bxc5 dxc5
48. Kxc5 g5 49. Kc6 g4 50. Kc7 {Black resigns} 1-0

[Event "Team 45 45 League T84"]
[Site "Internet Chess Club"]
[Date "2020.04.02"]
[Round "1"]
[White "mongmong"]
[Black "tightfist"]
[Result "1/2-1/2"]
[WhiteElo "1500"]
[BlackElo "1467"]
[Opening "Queen's pawn game"]
[ECO "D05"]
[Time "19:03:22"]
[TimeControl "2700+45"]

1. d4 Nf6 2. Nf3 d5 3. e3 e6 4. Bd3 Bd6 5. Nbd2 O-O 6. O-O Nbd7 7. e4 dxe4 8.
Nxe4 Nxe4 9. Bxe4 Nf6 10. Bd3 b6 11. Bg5 Bb7 12. Qe2 c5 13. dxc5 Bxc5 14. Rad1
Qe7 15. Rd2 Rfd8 16. Rfd1 g6 17. Qe5 Kg7 18. Be2 Rxd2 19. Rxd2 h6 20. Bh4 Rc8
21. a3 a5 22. c3 a4 23. Ne1 g5 24. Bg3 Rd8 25. Rxd8 Qxd8 26. Bd3 Qd5 27. Qxd5
Bxd5 28. Be5 Bc6 29. Kf1 Be7 30. Nc2 Kf8 31. Nd4 Bd7 32. h3 Ne8 33. Nb5 f6 34.
Bb8 Bc5 35. Ke2 Ke7 36. f3 Nd6 37. Nxd6 Bxd6 38. Bxd6+ Kxd6 39. Ke3 Ke5 40. g3
Bc6 41. f4+ gxf4+ 42. gxf4+ Kd6 43. h4 Kc5 44. Be2 Bd5 45. Bd3 Bc4 46. Bc2 b5
47. Bd1 Bd5 48. Be2 Bb3 49. Bd3 Bd5 50. Be2 Bb3 51. Bd3 Bc4 52. Bc2 Bd5 53. Bd3
{Game drawn by mutual agreement} 1/2-1/2

[Event "Team 45 45 League T84"]
[Site "Internet Chess Club"]
[Date "2020.04.05"]
[Round "1"]
[White "Easy-Win"]
[Black "Bumun"]
[Result "1-0"]
[WhiteElo "1723"]
[BlackElo "1612"]
[Opening "Scandinavian defense"]
[ECO "B01"]
[Time "13:01:06"]
[TimeControl "2700+45"]

1. e4 d5 2. exd5 Nf6 3. d4 Bg4 4. Nf3 Qxd5 5. Be2 Nc6 6. c4 Qf5 7. h3 Bxf3 8.
Bxf3 Nb4 9. Qa4+ c6 10. Qxb4 O-O-O 11. O-O e5 12. Qa5 Bd6 13. dxe5 Qxe5 14. Qxe5
Bxe5 15. Nc3 Bxc3 16. bxc3 Rhe8 17. Be3 a6 18. Rfe1 g6 19. Bb6 Rxe1+ 20. Rxe1
Re8 21. Rd1 Nd7 22. Be3 f5 23. Rd4 Ne5 24. Bd1 Rf8 25. Bf4 Nd7 26. Bd6 Re8 27.
Kf1 Ne5 28. c5 Nf7 29. Bf4 Nd8 30. Rd2 Ne6 31. Bd6 Rd8 32. Ke1 Re8 33. Re2 Kd7
34. Bb3 Ng7 35. Rxe8 Nxe8 36. Be5 Ke7 37. Kd2 a5 38. Kc2 g5 39. Kb2 {Black
resigns} 1-0

[Event "Team 45 45 League T84"]
[Site "Internet Chess Club"]
[Date "2020.04.04"]
[Round "1"]
[White "trombone"]
[Black "Zugzwanged"]
[Result "1-0"]
[WhiteElo "1771"]
[BlackElo "1690"]
[Opening "French: Tarrasch, Guimard main line"]
[ECO "C04"]
[Time "14:04:21"]
[TimeControl "2700+45"]

1. e4 e6 2. d4 d5 3. Nd2 Nc6 4. Ngf3 Nf6 5. e5 Nd7 6. Be2 f6 7. exf6 Qxf6 8. Nf1
Bd6 9. Ne3 O-O 10. O-O Qg6 11. g3 Nf6 12. Nh4 Qf7 13. f4 Ne7 14. Nf3 c5 15. c3
cxd4 16. cxd4 Bd7 17. Ne5 Qe8 18. Re1 Bb5 19. Bf3 Bxe5 20. fxe5 Nd7 21. a4 Bc6
22. Bg4 Nf5 23. Ng2 a5 24. Qd3 Qe7 25. b3 Qd8 26. Nf4 Re8 27. Nxe6 Rxe6 28. Bxf5
Re8 29. Bxh7+ Kh8 30. Bg6 Re6 31. Bf7 Re7 32. Bg5 Qf8 33. Bxe7 Qxf7 34. Bd6 Qe6
35. Rf1 g6 36. Rf2 Rg8 37. Raf1 Kg7 38. Rf4 Kh8 39. Qe3 Rg7 40. Ba3 b5 41. Bc1
bxa4 42. Rf8+ Nxf8 43. Rxf8+ Qg8 44. Qh6+ Rh7 45. Rxg8+ Kxg8 46. Qxg6+ {Black
resigns} 1-0

[Event "Team 45 45 League T84"]
[Site "Internet Chess Club"]
[Date "2020.04.03"]
[Round "1"]
[White "pishd"]
[Black "ivanson"]
[Result "1-0"]
[WhiteElo "1821"]
[BlackElo "1692"]
[Opening "King's Indian: East Indian defense"]
[ECO "A48"]
[Time "13:00:19"]
[TimeControl "2700+45"]

1. d4 Nf6 2. Nf3 g6 3. Nbd2 Bg7 4. e4 d6 5. c3 O-O 6. Bd3 Nbd7 7. O-O e5 8. Re1
Re8 9. Nf1 Nf8 10. h3 c6 11. Bg5 h6 12. Bh4 Qc7 13. Qc2 Ne6 14. dxe5 dxe5 15.
Bc4 b5 16. Bb3 c5 17. Bxf6 Bxf6 18. Bd5 Bb7 19. Ne3 Nf4 20. Bxb7 Qxb7 21. Kh2 c4
22. Red1 Nd3 23. Nd5 Bg7 24. Ne1 Nf4 25. Ne3 Rad8 26. g3 Ne6 27. Nd5 Nc7 28. Ne3
Ne6 29. Rd5 Rxd5 30. Nxd5 Nc7 31. Rd1 Nxd5 32. Rxd5 Re7 33. Ng2 h5 34. Ne3 Bh6
35. Qe2 f6 36. Qf3 Kg7 37. Rd6 f5 38. Nd5 Rf7 39. Kg1 Qb8 40. Re6 Qf8 41. Rxe5
fxe4 42. Qxe4 Rxf2 43. Re7+ Rf7 44. Rxf7+ Qxf7 45. Qe5+ Kh7 46. Nf6+ Kg7 47.
Nxh5+ Kh7 48. Nf6+ Kg7 49. Ng4+ Kh7 50. Nxh6 Kxh6 51. Qh8+ Kg5 52. Qh4+ Kf5 53.
Qf4+ Ke6 54. Qxf7+ Kxf7 55. Kf2 Ke6 56. Ke3 Ke5 57. Kf3 Kf5 58. g4+ Ke5 59. h4
a6 60. Ke3 a5 61. a3 a4 62. h5 {Black resigns} 1-0

[Event "Team 45 45 League T84"]
[Site "Internet Chess Club"]
[Date "2020.04.02"]
[Round "1"]
[White "carvajales"]
[Black "cayo89"]
[Result "1-0"]
[WhiteElo "1793"]
[BlackElo "1621"]
[Opening "English opening"]
[ECO "A10"]
[Time "07:01:02"]
[TimeControl "2700+45"]

1. c4 d6 2. g3 Nf6 3. Bg2 e5 4. Nc3 c6 5. Nf3 Be7 6. O-O O-O 7. d4 Qc7 8. e4
Nbd7 9. Qd3 Nb6 10. b3 Bg4 11. Bb2 Rfe8 12. h3 Bh5 13. g4 Bg6 14. Nh4 Bf8 15.
Nxg6 hxg6 16. Ne2 Rad8 17. Rad1 g5 18. Qe3 Nh7 19. Qg3 Qe7 20. Rd2 Nd7 21. Rfd1
g6 22. a4 Bg7 23. Qe3 a6 24. Ba3 Qe6 25. dxe5 dxe5 26. Rd6 {Black resigns} 1-0

[Event "Team 45 45 League T84"]
[Site "Internet Chess Club"]
[Date "2020.04.05"]
[Round "1"]
[White "kidviper"]
[Black "Ajolote"]
[Result "0-1"]
[WhiteElo "1836"]
[BlackElo "1938"]
[Opening "Nimzo-Indian: 4.e3 c5"]
[ECO "E41"]
[Time "13:09:20"]
[TimeControl "2700+45"]

1. d4 Nf6 2. c4 e6 3. Nc3 Bb4 4. e3 c5 5. Nf3 b6 6. Bd3 Bb7 7. O-O O-O 8. Bd2
cxd4 9. exd4 d5 10. cxd5 Nxd5 11. Nxd5 Bxd2 12. Nc3 Bf4 13. Be4 Bxe4 14. Nxe4
Nc6 15. Qa4 Rc8 16. Rfd1 Ne7 17. d5 Nxd5 18. Qxa7 Rc7 19. Qa5 bxa5 20. Nc3 Qf6
21. Nxd5 exd5 22. Rxd5 Qxb2 {White resigns} 0-1

[Event "Team 45 45 League T84"]
[Site "Internet Chess Club"]
[Date "2020.04.05"]
[Round "1"]
[White "hipopotamos"]
[Black "kidcobra"]
[Result "0-1"]
[WhiteElo "1663"]
[BlackElo "1796"]
[Opening "Four knights: Italian variation"]
[ECO "C47"]
[Time "19:00:19"]
[TimeControl "2700+45"]

1. e4 e5 2. Nf3 Nc6 3. Nc3 Nf6 4. Bc4 Nxe4 5. Nxe4 d5 6. Bd3 dxe4 7. Bxe4 Bd7 8.
O-O Bd6 9. Re1 O-O 10. Bxc6 Bxc6 11. Nxe5 Bxe5 12. Rxe5 f6 13. Re3 Qd5 14. Rg3
Rfe8 15. d3 Qh5 16. Qf1 Qe2 17. c3 Re7 18. Re3 Rxe3 19. fxe3 Qc2 20. d4 Re8 21.
Qf2 Qg6 22. Bd2 Re4 23. Rf1 Rg4 24. g3 Qe4 25. Qe2 Qh1+ 26. Kf2 Qxh2+ 27. Ke1
Qxe2+ 28. Kxe2 Bb5+ 29. Kf2 Bxf1 30. Kxf1 Rxg3 31. Kf2 Rg4 32. b4 b5 33. a3 h5
34. Be1 g5 35. Kf3 f5 36. Bf2 h4 37. d5 h3 38. Bg3 Rc4 39. Be1 g4+ 40. Kg3 Kf7
41. Kh2 Kf6 42. Kg3 Ke5 43. Kh2 Ke4 44. Kg3 Kxe3 45. Bf2+ Ke4 46. Be1 f4+ 47.
Kh2 Kf3 48. d6 cxd6 49. a4 bxa4 50. b5 a3 51. b6 axb6 52. Kg1 g3 53. Kh1 a2 54.
Kg1 Re4 55. Kf1 a1=Q 56. c4 Rxe1# {White checkmated} 0-1

[Event "Team 45 45 League T84"]
[Site "Internet Chess Club"]
[Date "2020.04.05"]
[Round "1"]
[White "Bizzy-Ketty"]
[Black "JPSVI"]
[Result "0-1"]
[WhiteElo "1605"]
[BlackElo "1727"]
[Opening "French: Fort Knox variation"]
[ECO "C03"]
[Time "15:00:26"]
[TimeControl "2700+45"]

1. e4 e6 2. d4 d5 3. Nd2 dxe4 4. Nxe4 Bd7 5. Nf3 Bc6 6. Bd3 Nd7 7. O-O Ngf6 8.
Ng3 Be7 9. c3 O-O 10. Re1 a5 11. a4 b6 12. Bc2 Bb7 13. Qd3 c5 14. Bf4 Bxf3 15.
Qxf3 cxd4 16. cxd4 Nd5 17. Be5 Bf6 18. Be4 Bxe5 19. Bxd5 exd5 20. dxe5 d4 21.
Nf5 Nc5 22. Qg4 g6 23. Nxd4 h5 24. Qd1 Qd5 25. Nb5 Rad8 26. Qxd5 Rxd5 27. Nd6
Rd4 28. Red1 Rxd1+ 29. Rxd1 Nxa4 30. Nc4 b5 31. Nxa5 Nxb2 32. Rb1 Rc8 33. h3 Rc2
34. Nb3 b4 35. Nd4 Rc4 36. Rxb2 Rxd4 37. g3 Kf8 38. Kg2 Ke7 39. f4 Ke6 40. Kf3
Kd5 41. Ke3 Rc4 42. g4 hxg4 43. hxg4 Rc3+ 44. Kd2 Kc4 45. f5 b3 46. e6 fxe6 47.
fxe6 Rd3+ 48. Kc1 Re3 49. Rd2 Rxe6 50. Kb2 Re4 51. Rg2 g5 52. Rg3 Re2+ 53. Kc1
b2+ 54. Kb1 Kd4 55. Rf3 Re3 56. Rf5 Re5 57. Rf2 Re4 58. Rxb2 Ke3 59. Rb5 Kf4 60.
Kc2 Kxg4 61. Rb1 Re8 62. Rg1+ Kh5 63. Rh1+ Kg6 64. Rg1 Re5 65. Kd3 Kf5 66. Rf1+
Kg4 67. Kd4 Re2 68. Kd3 Rg2 69. Ke3 Kg3 70. Rf8 g4 71. Rg8 Rg1 72. Ke2 Kh2 73.
Rh8+ Kg2 74. Rg8 g3 75. Rg7 Rh1 76. Rg8 Rh3 77. Rg7 Kg1 78. Rf7 g2 79. Rg7 Rh2
80. Ra7 Kh1 81. Ra1+ g1=Q+ {White resigns} 0-1

[Event "Team 45 45 League T84"]
[Site "Internet Chess Club"]
[Date "2020.04.01"]
[Round "1"]
[White "fireball"]
[Black "KidRattler"]
[Result "1/2-1/2"]
[WhiteElo "1477"]
[BlackElo "1727"]
[Opening "Vienna gambit"]
[ECO "C29"]
[Time "20:02:52"]
[TimeControl "2700+45"]

1. e4 e5 2. Nc3 Nf6 3. f4 d6 4. Nf3 Bg4 5. h3 Bxf3 6. Qxf3 a6 7. Bc4 Nc6 8. d3
Nd4 9. Qf2 b5 10. Bb3 h5 11. O-O Be7 12. fxe5 dxe5 13. Nd5 Nxb3 14. axb3 Qd6 15.
Nxe7 Qxe7 16. Be3 Nd7 17. Ra5 O-O 18. Rfa1 Qd6 19. Rf1 Qg6 20. Qh4 Rfe8 21. Rf5
Nf6 22. Rg5 Qh7 23. Rg3 Re6 24. Ra1 Kh8 25. Rf1 Rd8 26. Rf5 Rdd6 27. Bg5 a5 28.
Bxf6 Rxf6 29. Rxh5 Rh6 30. Rxh6 Qxh6 31. Qe7 Rf6 32. Qxe5 Qc1+ 33. Kh2 Qxc2 34.
Qg5 Rg6 35. Qh5+ Kg8 36. Rxg6 fxg6 37. Qxg6 Qxd3 38. Qe8+ Kh7 39. Qh5+ Kg8 40.
Qd5+ Qxd5 41. exd5 Kf7 42. Kg3 Ke7 43. Kf4 Kd6 44. Ke4 Kc5 45. Ke5 Kb4 46. Ke6
Kxb3 47. Kd7 Kc4 48. Kxc7 Kxd5 49. Kb6 Kc4 50. Kxa5 Kb3 51. Kxb5 Kxb2 52. Kc4
Kc2 53. Kd4 Kd2 54. g4 Ke2 55. Ke4 Kf2 56. Kf4 Kg2 57. h4 Kh3 58. Kg5 Kg3 59. h5
Kh3 60. Kf5 Kh4 61. Kf4 Kh3 62. g5 Kh4 63. h6 gxh6 64. gxh6 Kh5 65. h7 Kh6 66.
h8=Q+ Kg6 67. Qf8 Kh7 68. Kf5 {Black stalemated} 1/2-1/2

[Event "Team 45 45 League T84"]
[Site "Internet Chess Club"]
[Date "2020.04.04"]
[Round "1"]
[White "BrerRabbit"]
[Black "Hectormercado"]
[Result "0-1"]
[WhiteElo "1329"]
[BlackElo "1498"]
[Opening "Queen's pawn game, Darooha variation "]
[ECO "D02"]
[Time "19:02:32"]
[TimeControl "2700+45"]

1. d4 d5 2. Nf3 Nf6 3. g3 c6 4. Bg2 Nbd7 5. O-O e6 6. c4 dxc4 7. a4 a6 8. Qc2 b5
9. Ne5 Nxe5 10. dxe5 Nd5 11. axb5 cxb5 12. Rd1 Qc7 13. Bf4 Bb7 14. Nc3 Rd8 15.
Nxd5 exd5 16. e6 Qe7 17. exf7+ Qxf7 18. Be5 Bc5 19. Bd4 Bxd4 20. Rxd4 O-O 21.
Rad1 Qxf2+ 22. Kh1 Rde8 23. R4d2 d4 24. Bxb7 d3 25. exd3 Re1+ 26. Rxe1 Qxe1+ 27.
Kg2 Qf1# {White checkmated} 0-1

[Event "Team 45 45 League T84"]
[Site "Internet Chess Club"]
[Date "2020.04.02"]
[Round "1"]
[White "Balderdash"]
[Black "OGO"]
[Result "1-0"]
[WhiteElo "1221"]
[BlackElo "1231"]
[Opening "Scotch gambit: Benima defense"]
[ECO "C44"]
[Time "14:00:51"]
[TimeControl "2700+45"]

1. e4 e5 2. d4 exd4 3. Nf3 Nc6 4. Bc4 Be7 5. Nxd4 Nxd4 6. Qxd4 Bf6 7. Qd5 Qe7 8.
O-O Qe6 9. Qd3 Qc6 10. Rd1 Ne7 11. Nc3 O-O 12. Nd5 a6 13. e5 b5 14. exf6 {Black
resigns} 1-0